 Dungeon Crawl Stone Soup version 0.31-a0-44-g49d609d0da (webtiles) character file.

Game seed: 3808492380677147973

46 porpoise the Sneak (level 3, -1/20 HPs)
             Began as a Kobold Enchanter on May 20, 2023.
             Slain by a gnoll
             ... wielding a +0 flail
              (11 damage)
             ... on level 2 of the Dungeon.
             The game lasted 00:04:22 (1592 turns).

porpoise the Sneak (Kobold Enchanter)               Turns: 1592, Time: 00:04:23

Health: -1/20      AC:  2    Str:  5    XL:     3   Next: 92%
Magic:  7/7        EV: 15    Int: 18    God:
Gold:   84         SH:  0    Dex: 15    Spells: 2/7 levels left

rFire   . . .        a - +1 dagger
rCold   . . .        (no shield)
rNeg    . . .        g - +0 robe
rPois   .            (no helmet)
rElec   .            (no cloak)
rCorr   .            (no gloves)
SInv    +            (no boots)
Will    +....        (no amulet)
Stlth   ++++         r - ring of see invisible
HPRegen 0.23/turn    t - ring of willpower
MPRegen 0.10/turn

%: no passive effects
@: no status effects
A: small, no large weapons, nightstalker 3
a: no special abilities


You were on level 2 of the Dungeon.
You visited 1 branch of the dungeon, and saw 2 of its levels.

You collected 84 gold pieces.

Inventory:

Hand Weapons
 a - a +1 dagger (weapon)
 b - a +1 sling of freezing
Armour
 g - a +0 robe (worn)
Jewellery
 j - an amulet of guardian spirit
 r - a ring of see invisible (left hand)
 t - a ring of willpower (right hand)
Scrolls
 d - a scroll of enchant weapon {unknown}
 h - a scroll of enchant armour {unknown}
 i - 3 scrolls of teleportation {unknown}
 k - a scroll of silence {unknown}
 n - a scroll of acquirement {unknown}
 o - 2 scrolls of identify {unknown}
 p - a scroll of blinking {unknown}
 q - a scroll of poison {unknown}
Potions
 c - 2 potions of invisibility
 e - 2 potions of mutation {unknown}
 f - a potion of cancellation {unknown}
 l - a potion of might {unknown}
 m - a potion of curing {unknown}
 s - a potion of brilliance {unknown}


   Skills:
 + Level 1.4 Fighting
 - Level 1.3 Short Blades
 * Level 1.4 Ranged Weapons
 - Level 2.4 Dodging
 + Level 4.4 Stealth
 - Level 2.6 Spellcasting
 - Level 3.3 Hexes


You had 2 spell levels left.
You knew the following spells:

 Your Spells              Type           Power      Damage    Failure   Level
a - Confusing Touch       Hex            14%        N/A       13%         3
e - Ensorcelled Hibernat  Hex/Ice        16%        N/A       13%         2

Your spell library contained the following spells:

 Spells                   Type           Power      Damage    Failure   Level
 Lesser Beckoning         Tloc           4%         N/A       26%         2
 Tukima's Dance           Hex            14%        N/A       13%         3
 Dazzling Flash           Conj/Hex       16%        N/A       26%         3
 Gell's Gravitas          Tloc           2%         N/A       45%         3
 Teleport Other           Tloc           2%         N/A       45%         3
 Passage of Golubria      Tloc           2%         N/A       86%         4
 Yara's Violent Unravell  Hex/Tmut       4%         3d4       93%         5


Dungeon Overview and Level Annotations

Branches:
Dungeon (2/15)

Altars:


Innate Abilities, Weirdness & Mutations

You are small and have problems with some larger weapons.
You are completely attuned to the shadows.


Message History

You hit the endoplasm.
The endoplasm is lightly wounded.
The endoplasm freezes you.
You are frozen.
You hit the endoplasm.
The endoplasm is severely wounded.
The endoplasm misses you.
You hit the endoplasm.
You kill the endoplasm!
The helpless goblin fails to defend itself.
You puncture the goblin!
You kill the goblin!
r - a ring of see invisible
s - a fizzy clear potion
r - a ring of see invisible (left hand)
i - 3 scrolls labelled BAIVEELEMO (gained 1)
Found a stone staircase leading down.
There is a stone staircase leading down here.
t - a ring of willpower
t - a ring of willpower (right hand)
o - 2 scrolls labelled TAGOTU AWAOG (gained 1)
You now have 84 gold pieces (gained 9).
A quokka comes into view.
The helpless quokka fails to defend itself.
You impale the quokka!!
You kill the quokka! 2 gnolls come into view.
A gnoll and a bat come into view.
You see here a fuming black potion.
The gnoll shouts! x3
The gnoll closely misses you. The gnoll barely misses you.
A gnoll comes into view. It is wielding a +0 halberd.
You barely miss the gnoll. The gnoll misses you. x2
The gnoll attacks as you move away! The gnoll barely misses you.
The gnoll closely misses you.
The gnoll hits you from afar with a +0 spear!
Ouch! That really hurt!
The gnoll attacks as you move away! The gnoll hits you with a +0 flail!
Ouch! That really hurt!
You die...

†.))....>##...###.#
###########.......#
......#.........###
.##...#...####.####
.##.###...#.......#
.##.......#.##.#.##
.######.#.# #.#.#
.# ....# ..#.# .#
#.########@#### ##
.. ......g...#
....g.###.# .....g#
# ......# .b....#
####..g #....


You could see 3 gnolls.

Vanquished Creatures
  A dart slug (D:1)
  4 bats (D:1)
  2 endoplasms
  2 giant cockroaches
  9 goblins
  5 hobgoblins
  2 quokkas
  2 ball pythons
  5 frilled lizards
  2 kobolds (D:1)
  7 rats
41 creatures vanquished.

Notes
Turn   | Place    | Note
-------+----------+-------------------------------------------
     0 | D:1      | porpoise the Kobold Enchanter began the quest for the Orb.
     0 | D:1      | Reached XP level 1. HP: 10/10 MP: 3/3
   242 | D:1      | Reached XP level 2. HP: 16/16 MP: 5/5
   260 | D:1      | Learned a level 2 spell: Ensorcelled Hibernation
   373 | D:1      | Reached skill level 1 in Fighting
   378 | D:1      | Reached XP level 3. HP: 16/20 MP: 6/6
   471 | D:1      | Learned a level 3 spell: Confusing Touch
  1187 | D:2      | Reached skill level 1 in Ranged Weapons
  1592 | D:2      | Slain by a gnoll

Illustrated notes

Levels and vault maps discovered:
D:1:      wheals_arrival_linesprint, layout_basic, st_stairs_4
D:2:      layout_basic

Skill      XL: |  1  2  3 |
---------------+----------+-----
Fighting       | 1 |  1.4
Ranged Weapons | 1 |  1.4
Short Blades   | |  1.3
Dodging        | |  2.4
Stealth        | |  4.4
Spellcasting   | |  2.6
Hexes          | |  3.3

Action                     || total
---------------------------++-------
  Melee: Dagger            ||    37
   Fire: Sling             ||    63
   Cast: Ensorcelled Hiber ||     2
   Stab: Sleeping          ||     7
 Armour: Robe              ||     6
  Dodge: Dodged            ||    55

Table legend: (Time is in decaauts)
 A = Elapsed time spent in this place.
 B = Non-inter-level travel time spent in this place.
 C = Inter-level travel time spent in this place.
 D = Time resting spent in this place.
 E = Time spent auto-exploring this place.
 F = Levels seen in this place.
 G = Mean time per level.
                   A        B        C        D        E       F      G
               +--------+--------+--------+--------+--------+-----+--------+
         Total |   1609 |   1536 |     73 |    259 |   1039 |   2 |  804.5 |
       Dungeon |   1609 |   1536 |     73 |    259 |   1039 |   2 |  804.5 |
               +--------+--------+--------+--------+--------+-----+--------+

Top non-repeatable levels by time:
     D:1: 1088 daAuts
     D:2: 520 daAuts
